 Dungeon Crawl Stone Soup version 0.17-a0-1378-g281efdd (webtiles) character file.

154 zeke the Firebug (level 5, 0/39 HPs)
             Began as a Draconian Fire Elementalist on June 14, 2015.
             Slain by an ogre
             ... wielding a +0 giant spiked club
              (16 damage)
             ... on level 4 of the Dungeon.
             The game lasted 00:22:10 (3329 turns).

zeke the Firebug (Draconian Fire Elementalist)      Turns: 3329, Time: 00:22:10

Health: 0/39       AC: 10    Str: 12    XL:     5   Next: 13%
Magic:  0/9        EV: 13    Int: 15    God:
Gold:   178        SH:  0    Dex: 20    Spells: 1 memorised, 9 levels left

rFire  . . .     SeeInvis .     A - +1 flail (protect)
rCold  . . .     Clarity  .     (armour unavailable)
rNeg   . . .     SustAt   .     (no shield)
rPois  .         Gourm    .     (helmet restricted)
rElec  .         Spirit   .     (no cloak)
rCorr  .         Warding  .     (no gloves)
rMut   .         Stasis   .     (no boots)
MR     .....                    (no amulet)
Stlth  ++........               u - +4 ring of dexterity
                                h - +5 ring of dexterity

@: very slightly contaminated, not resistant to hostile enchantments, unstealthy
A: unfitting armour, cold-blooded, AC +5
a: no special abilities


You were on level 4 of the Dungeon.
You were not hungry.

You visited 1 branch of the dungeon, and saw 4 of its levels.

You collected 178 gold pieces.

Inventory:

Hand weapons
 A - a +1 flail of protection (weapon)
Jewellery
 h - a +5 ring of dexterity (left hand)
 u - a +4 ring of dexterity (right hand)
 w - an uncursed ring of protection from magic
Scrolls
 e - 2 scrolls of identify {unknown}
 g - a scroll of fear
 j - a scroll of enchant armour {unknown}
 m - a scroll of recharging {unknown}
 q - 3 scrolls of teleportation {unknown}
 r - a scroll of noise {unknown}
 s - a scroll of blinking {unknown}
 y - a scroll of random uselessness {unknown}
Potions
 c - 4 potions of agility {unknown}
 k - a potion of invisibility {unknown}
 l - 3 potions of curing {unknown}
 n - a potion of poison {unknown}
 p - 2 potions of haste {unknown}
 t - 2 potions of might {unknown}
 v - a potion of magic {unknown}
 x - a potion of resistance {unknown}
 z - a potion of ambrosia {unknown}
Books
 a - a book of Flames

   Spells                             Type                      Level
   a - Flame Tongue                   Conjuration/Fire             1
   b - Throw Flame                    Conjuration/Fire             2
   c - Conjure Flame                  Conjuration/Fire             3
   d - Inner Flame                    Hexes/Fire                   3
   e - Sticky Flame                   Conjuration/Fire             4
   f - Fireball                       Conjuration/Fire             5
Comestibles
 b - a bread ration
 d - a royal jelly
 f - 2 meat rations
 o - 17 chunks of flesh


   Skills:
 + Level 0.9 Fighting
 + Level 0.2 Maces & Flails
 + Level 2.6 Dodging
 + Level 2.1 Stealth
 + Level 3.0 Spellcasting
 + Level 1.8 Conjurations
 + Level 4.0 Fire Magic


You had 9 spell levels left.
You knew the following spells:

 Your Spells              Type           Power        Failure   Level  Hunger
a - Flame Tongue          Conj/Fire      ##...        8%          1    #......


Dungeon Overview and Level Annotations

Branches:
Dungeon (4/15)
 Temple: D:4-7

Altars:


Innate Abilities, Weirdness & Mutations

Your plain brown scales are hard (AC +5).
Your body does not fit into most forms of armour.
You are cold-blooded and may be slowed by cold attacks.


Message History

The flame tongue hits the ogre.
The ogre is severely wounded.
The ogre closely misses you.
Some of the chunks of flesh in your inventory have rotted away.
Casting: Flame Tongue
Confirm with . or Enter, or press ? or * to list all spells.
Aiming: Flame Tongue
Press: ? - help, Shift-Dir - straight line, f/p - ogre
Aim: an ogre, wielding a giant spiked club (severely wounded)
The flame tongue hits the ogre.
The ogre is almost dead.
Casting: Flame Tongue
Confirm with . or Enter, or press ? or * to list all spells.
Aiming: Flame Tongue
Press: ? - help, Shift-Dir - straight line, f/p - ogre
Aim: an ogre, wielding a giant spiked club (almost dead)
The flame tongue hits the ogre.
The ogre is almost dead.
The ogre hits you with a giant spiked club!
You die...

#.....# #.......
#.....# #....... #
#.....# #....... #.
#..<..# #..... . #
#..##.....# #... ....#
#........###.####......
###........[).....#...
#...)...##...###..#
#..####.##.#.@#..# #..
#..#.##.O.# #...
............... #....
##............. ......
..............# ..##g.
............#.. ## #..
......(....### #
..........# ........!.#


You could see an ogre.

Vanquished Creatures
  An orc priest (D:3)
  An orc wizard (D:3)
  3 adders
  A giant gecko (D:4)
  10 orcs
  8 bats
  2 giant cockroaches (D:4)
  10 goblins
  3 hobgoblins
  4 jackals
  A quokka (D:2)
  2 ball pythons
  A giant newt (D:1)
  5 kobolds
  7 rats
59 creatures vanquished.

Notes
Turn   | Place    | Note
--------------------------------------------------------------
     0 | D:1      | zeke the Draconian Fire Elementalist began the quest for the Orb.
     0 | D:1      | Reached XP level 1. HP: 14/14 MP: 3/3
   398 | D:1      | Reached XP level 2. HP: 10/20 MP: 0/5
  1207 | D:2      | Reached XP level 3. HP: 22/26 MP: 1/6
  1705 | D:2      | Found a faded altar to an unknown god.
  2441 | D:3      | Reached XP level 4. HP: 26/34 MP: 3/8
  2620 | D:3      | Reached skill level 4 in Fire Magic
  3182 | D:4      | Reached XP level 5. HP: 39/39 MP: 4/9
  3250 | D:4      | Noticed an ogre
  3329 | D:4      | Slain by an ogre

Vault maps used:
D:1:      minmay_arrival_arboretum_large, minmay_misc_feat_chi
D:2:      ecumenical_altar_1
D:4:      first_bread, serial_curves, eino_curves_03, eino_curves_02

Action                   |  1- 3 |  4- 6 || total
-------------------------+-------+-------++-------
Melee: Mace              |    48 |    42 ||    90
       Unarmed           |     8 |       ||     8
 Cast: Flame Tongue      |    58 |    49 ||   107
  Use: Scroll            |       |     1 ||     1
  Eat: Chunk             |     3 |     1 ||     4
       Meat ration       |     1 |       ||     1
